 Dungeon Crawl Stone Soup version 0.23.2-40-g277498a001 (webtiles) character file.

Game seed: 3278627461826987397

2403 Destapler the Ruffian (level 9, -4/89 HPs)
             Began as a Troll Abyssal Knight on Aug 18, 2019.
             Was an Elder of Lugonu.
             Slain by a wight
             ... wielding a +5 battleaxe of freezing
              (7 damage)
             ... on level 5 of the Dungeon.
             The game lasted 00:16:38 (4601 turns).

Destapler the Ruffian (Troll Abyssal Knight)        Turns: 4601, Time: 00:16:38

Health: -4/89      AC:  7    Str: 22    XL:     9   Next: 23%
Magic:  12/12      EV:  9    Int:  8    God:    Lugonu [****..]
Gold:   382        SH:  0    Dex: 12    Spells: 8/8 levels left

rFire    . . .     SeeInvis .     - Unarmed
rCold    . . .     Gourm    +   (no shield)
rNeg     . . .     Faith    .   a - +0 robe
rPois    .         Spirit   .   (helmet restricted)
rElec    .         Reflect  .   c - +0 cloak
rCorr    .         Harm     .   (gloves unavailable)
MR       .....                  (boots unavailable)
Stlth    +.........             (no amulet)
HPRegen  0.64/turn              (no ring)
MPRegen  0.13/turn              (no ring)

@: heavily drained
A: large, unfitting armour, claws 3, fast metabolism 3, gourmand, regeneration
1, shaggy fur 1, tough skin 3
a: Depart the Abyss, Bend Space, Banish, Corrupt, Renounce Religion


You were on level 5 of the Dungeon.
You worshipped Lugonu.
Lugonu was greatly pleased with you.
You were completely stuffed.

You visited 1 branch of the dungeon, and saw 6 of its levels.
You visited the Abyss 1 time.

You collected 382 gold pieces.

Inventory:

Missiles
 f - 223 stones (quivered)
 l - 4 tomahawks
Armour
 a - a +0 robe (worn)
 c - a +0 cloak (worn)
 v - a +0 shield
Jewellery
 y - an uncursed ring of protection from magic
Wands
 o - a wand of paralysis (1)
 t - a wand of polymorph (14)
Scrolls
 e - 4 scrolls of teleportation
 h - 9 scrolls of remove curse
 i - a scroll of noise {unknown}
 j - 2 scrolls of amnesia {unknown}
 m - 2 scrolls of magic mapping
 p - 2 scrolls of enchant armour {unknown}
 r - 4 scrolls of fear
 w - 2 scrolls of enchant weapon {unknown}
Potions
 d - a potion of haste
 g - a potion of brilliance
 k - 4 potions of curing
 n - 2 potions of ambrosia
 q - a potion of heal wounds
 s - a potion of lignification
 x - a potion of invisibility
Comestibles
 b - 12 rations
 u - 5 chunks of flesh


   Skills:
 + Level 6.0(4.1) Fighting
 - Level 2.0(0.3) Dodging
 * Level 4.0(2.3) Shields
 + Level 6.7(4.8) Unarmed Combat
 + Level 6.1(4.3) Invocations


You had 8 spell levels left.
You didn't know any spells.
Your spell library was empty.

Dungeon Overview and Level Annotations

Branches:
Dungeon (6/15)             Temple (0/1) D:4

Altars:
Hepliaklqana
Kikubaaqudgha
Ru
Trog
The Shining One

Shops:
D:6 (


Innate Abilities, Weirdness & Mutations

You are too large for most types of armour.
You have claws for hands.
Your metabolism is lightning-fast.
You like to eat raw meat.
Your natural rate of healing is unusually fast.
You are covered in fur. (AC +1)
You have extremely tough skin. (AC +3)


Message History

* * * LOW HITPOINT WARNING * * *
You feel drained.
* * * LOW HITPOINT WARNING * * *
The wight freezes you.
* * * LOW HITPOINT WARNING * * *
The wight misses you.
You scratch the wight.
You destroy the wight!
Lugonu accepts your kill. The wight barely misses you.
The wight hits you with a +5 battleaxe of freezing!
* * * LOW HITPOINT WARNING * * *
The wight freezes you.
* * * LOW HITPOINT WARNING * * *
You closely miss the wight. The wight hits you with a +2 flail!
* * * LOW HITPOINT WARNING * * *
Unknown command.
You scratch the wight but do no damage.
The wight hits you with a +5 battleaxe of freezing!
You die...

.....#.###.# #.# ##......
.#.#.#.# #.# #.# ##..... ...#.#.#
#.# #.# #.#...
.###.#.###.########.# ###.## .#
#..>..<).......#.# #### .#
###.#...#####..#.# ##### .#
###.#...######.#.###...##### .#
#...........z.)............# # .#
#.#..........@z............###
.###.###.#.######.#.....[..[.....
...........#.....................
####.###.###.####.#...........###
####.###.###.# #.##..........# #
.............####.###.####.#### #
####..............# ### #.# #
####.##################.## #
#.....................# #


You could see 2 wights.

Vanquished Creatures
  Pikel (D:5)
  Grinder (D:2)
  Sigmund (D:6)
  Menkaure (D:4)
  Edmund (D:5)
  4 slaves
  A phantom (D:4)
  An ice beast (D:5)
  A black bear (D:6)
  An ogre (D:5)
  A scorpion (D:4)
  2 wights
  A howler monkey (D:5)
  A centaur zombie (D:6)
  A crimson imp (D:5)
  4 hounds
  A jelly (D:6)
  A bullfrog skeleton (D:5)
  2 orc wizards
  3 orc priests
  A gnoll shaman (D:4)
  Ijyb (D:5)
  3 worker ants
  4 hound skeletons
  4 gnolls
  14 adders
  3 oozes
  An adder zombie (D:6)
  A worm (D:2)
  5 dart slugs
  2 leopard geckos
  15 orcs
  3 bats
  6 giant cockroaches
  9 goblins
  12 hobgoblins
  16 jackals
  10 kobolds
  4 quokkas
  7 frilled lizards
  7 rats
158 creatures vanquished.

Vanquished Creatures (others)
  An orc wizard (D:6)
  An orc (D:6)
2 creatures vanquished.

Grand Total: 160 creatures vanquished

Notes
Turn   | Place    | Note
-------+----------+-------------------------------------------
     0 | Abyss:1  | Destapler the Troll Abyssal Knight began the quest for the
                  | Orb.
     0 | Abyss:1  | Reached XP level 1. HP: 22/22 MP: 1/1
    67 | Abyss:1  | Noticed a large abomination
    74 | D:1      | Escaped the Abyss
   146 | D:1      | Reached XP level 2. HP: 25/29 MP: 2/2
   384 | D:1      | Reached * piety under Lugonu
   625 | D:2      | Reached XP level 3. HP: 36/36 MP: 3/3
   963 | D:2      | Reached XP level 4. HP: 43/45 MP: 4/4
  1101 | D:2      | Found a bloodstained altar of Trog.
  1112 | D:2      | Reached ** piety under Lugonu
  1208 | D:3      | Noticed Grinder
  1212 | D:2      | Paralysed by Grinder for 4 turns
  1376 | D:2      | Killed Grinder
  1376 | D:2      | Reached XP level 5. HP: 42/54 MP: 4/6
  1420 | D:3      | Reached XP level 6. HP: 53/62 MP: 7/7
  1638 | D:3      | Found a faded altar of an unknown god.
  1971 | D:3      | Reached *** piety under Lugonu
  2363 | D:4      | Reached XP level 7. HP: 70/71 MP: 9/9
  2494 | D:4      | Found an ancient bone altar of Kikubaaqudgha.
  2498 | D:4      | Found a hazy altar of Hepliaklqana.
  2498 | D:4      | Found a sacrificial altar of Ru.
  2647 | D:4      | Noticed Menkaure
  2654 | D:4      | Killed Menkaure
  2654 | D:4      | Reached skill level 5 in Unarmed Combat
  2787 | D:4      | Found a staircase to the Ecumenical Temple.
  2817 | D:5      | Entered Level 5 of the Dungeon
  3056 | D:5      | Reached skill level 5 in Fighting
  3268 | D:5      | Noticed Ijyb
  3271 | D:5      | Reached skill level 5 in Invocations
  3279 | D:5      | Killed Ijyb
  3291 | D:5      | Reached **** piety under Lugonu
  3291 | D:5      | Reached XP level 8. HP: 69/80 MP: 10/10
  3370 | D:5      | Found a glowing golden altar of the Shining One.
  3499 | D:5      | Reached skill level 1 in Shields
  3523 | D:6      | Noticed Edmund
  3523 | D:6      | Noticed Pikel
  3541 | D:5      | Killed Pikel
  3637 | D:5      | Killed Edmund
  4353 | D:6      | Found Izo Nyn's Antique Weapon Shoppe.
  4359 | D:6      | Noticed Sigmund
  4371 | D:6      | Killed Sigmund
  4371 | D:6      | Reached XP level 9. HP: 79/89 MP: 12/12
  4600 | D:5      | HP: 2/89 [wight/+2 flail (8)]
  4601 | D:5      | Slain by a wight

Skill      XL: |  1  2  3  4  5  6  7  8  9 |
---------------+----------------------------+-----
Dodging        | 2 |  2.0
Invocations    | 2 3 4 5 6 |  6.1
Fighting       | 3 4 5 6 |  6.0
Unarmed Combat | 3 4 5 6 |  6.7
Shields        | 3 4 |  4.0

Action                   |  1- 3 |  4- 6 |  7- 9 || total
-------------------------+-------+-------+-------++-------
Melee: Unarmed           |    90 |   196 |   287 ||   573
       Punch             |     1 |       |     8 ||     9
Throw: Stone             |       |       |     4 ||     4
Invok: Depart the Abyss  |     1 |       |       ||     1
  Use: Potion            |       |     1 |     1 ||     2
       Scroll            |       |       |     9 ||     9
 Stab: Sleeping          |       |     1 |     1 ||     2
       Distracted        |       |       |     1 ||     1
  Eat: Chunk             |    14 |    13 |    21 ||    48
Armor: Robe              |    38 |    89 |   151 ||   278
Dodge: Dodged            |    39 |   116 |   204 ||   359
